 Dungeon Crawl Stone Soup version 0.22-a0-525-gf69a080 (webtiles) character file.

868 kae the Insei (level 7, -3/53 HPs)
             Began as a Demonspawn Transmuter on June 20, 2018.
             Was a Follower of Okawaru.
             Slain by a centaur skeleton (5 damage)
             ... on level 5 of the Dungeon.
             The game lasted 00:06:48 (6568 turns).

kae the Insei (Demonspawn Transmuter)               Turns: 6568, Time: 00:06:49

Health: -3/53      AC:  2    Str: 10    XL:     7   Next: 73%
Magic:  11/13      EV: 12    Int: 15    God:    Okawaru [*.....]
Gold:   181        SH:  6    Dex: 15    Spells: 8/14 levels left

rFire    . . .     SeeInvis .     - Unarmed
rCold    . . .     Gourm    .   (no shield)
rNeg     . . .     Faith    .   b - +0 robe
rPois    .         Spirit   .   (helmet restricted)
rElec    .         Reflect  .   (no cloak)
rCorr    .         Harm     .   (no gloves)
MR       .....                  (no boots)
Stlth    +.........             (no amulet)
HPRegen  0.17/turn              (no ring)
MPRegen  0.13/turn              (no ring)

@: no status effects
A: antennae 1, large bone plates 2, powered by death 1
a: Heroism, Renounce Religion


You were on level 5 of the Dungeon.
You worshipped Okawaru.
Okawaru was aware of your devotion.
You were not hungry.

You visited 2 branches of the dungeon, and saw 6 of its levels.

You collected 181 gold pieces.

Inventory:

Missiles
 a - 31 arrows
Armour
 b - a +0 robe (worn)
Wands
 i - a wand of flame (16)
 j - a wand of polymorph (16)
Scrolls
 e - 2 scrolls of fog
Potions
 c - a potion of flight
 g - a potion of mutation
 h - a potion of haste
 k - a potion of magic
 m - a potion of curing
 n - a potion of heal wounds
 p - a potion of agility
Comestibles
 d - 5 rations


   Skills:
 + Level 3.9 Fighting
 + Level 1.9 Dodging
 * Level 5.7 Unarmed Combat
 + Level 4.0 Spellcasting
 + Level 3.8 Transmutations
 + Level 0.7 Invocations


You had 8 spell levels left.
You knew the following spells:

 Your Spells              Type           Power        Failure   Level  Hunger
a - Beastly Appendage     Tmut           ##....       3%          1    None
b - Sticks to Snakes      Tmut           ##......     5%          2    ##.....
c - Spider Form           Tmut/Pois      #.........   24%         3    ###....

Your spell library contained the following spells:

 Spells                   Type           Power        Failure   Level  Hunger
 Blade Hands              Tmut           ##........   71%         5    ######.
 Ice Form                 Ice/Tmut       #.......     63%         4    ####...


Dungeon Overview and Level Annotations

Branches:
Dungeon (5/15)             Temple (1/1) D:4

Altars:
Cheibriados
Dithmenos
Elyvilon
Fedhas
Gozag
Hepliaklqana
Kikubaaqudgha
Okawaru
Qazlal
Sif Muna
Trog
Uskayaw
Vehumet
Wu Jian
Xom
Zin

Shops:
D:4 (

Annotations:
D:4 1 runed door, kae's ghost, amateur DsTm


Innate Abilities, Weirdness & Mutations

You have a pair of small antennae on your head.
You are mostly covered in large bone plates. (SH +6)
You regenerate a little health from kills.


Message History

* * * LOW HITPOINT WARNING * * *
You closely miss something.
The centaur skeleton closely misses you.
Something barely misses you. The centaur skeleton barely misses you.
Okawaru is honoured by your kill.
Reactivating autopickup.
Your Spellcasting skill increases to level 4!
You feel a bit more experienced.
Your transformation has ended.
Your +0 robe unmelds from your body.
You block the centaur skeleton's attack.
You hit the centaur skeleton.
The centaur skeleton is moderately damaged.
The centaur skeleton hits you!
* * * LOW HITPOINT WARNING * * *
You hit the centaur skeleton.
The centaur skeleton is heavily damaged.
The centaur skeleton hits you.
You die...

#.####......#
#.....(....#
#..†.......#
#####.....#....#
#.........#
....#
#.........# ...#
#.........# .
...
#....Z#####.. ..
#....@......# .
#####.......#
#.......#
###.#######
#......#
#......#
#......#
#......#
#......#


You could see a centaur skeleton.

Vanquished Creatures
  An orc warrior (D:3)
  A phantom (Temple)
  A sky beast (D:5)
  2 scorpions (D:4)
  A howler monkey (D:4)
  5 orc wizards
  A centaur skeleton (D:4)
  A gnoll shaman (D:3)
  2 orc priests (D:4)
  A worker ant (D:4)
  5 gnolls
  5 adders
  An ooze (D:4)
  An adder skeleton (D:4)
  2 worms
  5 dart slugs
  3 leopard geckos
  14 orcs
  8 bats
  A giant cockroach (D:2)
  2 goblins (D:1)
  4 hobgoblins
  3 jackals (D:4)
  2 ball pythons
  6 frilled lizards
  5 kobolds
  6 rats
89 creatures vanquished.

Vanquished Creatures (others)
  2 withered plants (D:4)
2 creatures vanquished.

Grand Total: 91 creatures vanquished

Notes
Turn   | Place    | Note
-------+----------+-------------------------------------------
     0 | D:1      | kae the Demonspawn Transmuter began the quest for the Orb.
     0 | D:1      | Reached XP level 1. HP: 15/15 MP: 3/3
    65 | D:1      | Gained mutation: You are partially covered in large bone plates. (SH +4) [demonic ancestry]
    65 | D:1      | Reached XP level 2. HP: 21/21 MP: 5/5
   226 | D:1      | Reached skill level 3 in Unarmed Combat
   634 | D:2      | Gained mutation: You regenerate a little health from kills. [demonic ancestry]
   634 | D:2      | Reached XP level 3. HP: 18/26 MP: 6/6
  1776 | D:2      | Learned a level 2 spell: Sticks to Snakes
  1780 | D:2      | Learned a level 3 spell: Spider Form
  2065 | D:3      | Reached XP level 4. HP: 24/33 MP: 7/7
  2924 | D:3      | Found an opulent altar of Gozag.
  3040 | D:4      | Found a staircase to the Ecumenical Temple.
  3106 | D:4      | Noticed a phantom
  3523 | D:3      | Reached skill level 4 in Unarmed Combat
  3523 | D:3      | Gained mutation: You have a pair of small antennae on your head. [demonic ancestry]
  3523 | D:3      | Reached XP level 5. HP: 27/39 MP: 4/9
  4003 | D:4      | HP: 1/39 [poisoned by a scorpion]
  4014 | D:4      | Reached XP level 6. HP: 32/46 MP: 10/10
  4034 | Temple   | Entered the Ecumenical Temple
  4398 | Temple   | Became a worshipper of Warmaster Okawaru
  4954 | D:4      | Reached skill level 5 in Unarmed Combat
  5183 | D:4      | Gained mutation: You are mostly covered in large bone plates. (SH +6) [demonic ancestry]
  5183 | D:4      | Reached XP level 7. HP: 34/52 MP: 9/12
  5294 | D:4      | Found a hide-covered altar of Uskayaw.
  5320 | D:4      | Found a white marble altar of Elyvilon.
  5452 | D:4      | Found Cutiat's Weapon Shop.
  5486 | D:4      | Found a runed door.
  5486 | D:4      | Noticed kae's ghost (amateur DsTm)
  5555 | D:4      | HP: 2/52 [orc wizard/magic dart (7)]
  5856 | D:3      | HP: 2/52 [poisoned by an orc wizard]
  5863 | D:3      | HP: 2/52 [poisoned by an orc wizard]
  5871 | D:3      | HP: 1/52 [poisoned by an orc wizard]
  6247 | D:3      | Reached * piety under Okawaru
  6376 | D:4      | Found a snail-covered altar of Cheibriados.
  6432 | D:4      | Found a glowing silver altar of Zin.
  6433 | D:4      | Noticed an angel
  6461 | D:5      | Entered Level 5 of the Dungeon
  6567 | D:5      | HP: 2/53 [centaur skeleton (8)]
  6568 | D:5      | Slain by a centaur skeleton

Vault maps used:
D:1:      scummos_arrival_simple_crosswalls, grunt_decor_one_mirror
D:2:      first_ration
D:3:      minmay_misc_feat_iff, wad_floor_pattern_untrapped, grunt_gozag_statues
D:4:      zin_angel, cheibriados_altar_1, nicolae_overflow_hidden_temple,
          eat_drink_and_be_merry_uskayaw, minmay_temple_entry_statues_fountains,
          gammafunk_ghost_grave, serial_shops, shop
Temple:   minmay_temple_curvy_loop

Skill      XL: |  1  2  3  4  5  6  7 |
---------------+----------------------+-----
Unarmed Combat | 3 4 5 |  5.7
Transmutations | 2 3 |  3.8
Fighting       | 2 3 |  3.9
Spellcasting   | 3 4 |  4.0
Dodging        | |  1.9
Invocations    | |  0.7

Action                   |  1- 3 |  4- 6 |  7- 9 || total
-------------------------+-------+-------+-------++-------
Melee: Unarmed           |   138 |   196 |    92 ||   426
       Kick              |     6 |       |       ||     6
 Cast: Beastly Appendage |     7 |     1 |     1 ||     9
       Spider Form       |     2 |    17 |     4 ||    23
  Use: Scroll            |     9 |     2 |     4 ||    15
       Potion            |       |     4 |     2 ||     6
 Stab: Sleeping          |     1 |       |       ||     1
  Eat: Chunk             |     4 |     6 |     5 ||    15
       Ration            |       |     2 |       ||     2
Armor: Robe              |    29 |    15 |     5 ||    49
       Skin              |       |    17 |     6 ||    23
Dodge: Dodged            |    92 |   129 |    62 ||   283
Block: Other             |    26 |    27 |    13 ||    66

Table legend:
 A = Spawn XP
 B = Non-spawn XP
 C = Spawn XP percentage of total XP
 D = Spawn monster count
 E = Non-spawn monster count
 F = Spawn count percentage of total count
 G = Total turns spent on level
                    A         B        C        D         E        F      G
               +---------+---------+-------+---------+---------+-------+---------
         Total |       0 |    1241 |   0.0 |       0 |      89 |   0.0 |  6568
               +---------+---------+-------+---------+---------+-------+---------
           D:1 |       0 |      28 |   0.0 |       0 |      17 |   0.0 |   592
           D:2 |       0 |      43 |   0.0 |       0 |      15 |   0.0 |  1347
           D:3 |       0 |     317 |   0.0 |       0 |      23 |   0.0 |  2664
           D:4 |       0 |     566 |   0.0 |       0 |      27 |   0.0 |   778
           D:5 |       0 |     130 |   0.0 |       0 |       2 |   0.0 |   107
        Temple |       0 |     157 |   0.0 |       0 |       5 |   0.0 |  1080
               +---------+---------+-------+---------+---------+-------+---------
